 Dungeon Crawl Stone Soup version 0.16.2-12-gd0ad4c3 (webtiles) character file.

124 Ijustatesigmund the Sneak (level 5, 0/34 HPs)
             Began as an Octopode Assassin on Oct 13, 2015.
             Slain by an orc (2 damage)
             ... on level 4 of the Dungeon.
             The game lasted 00:07:52 (2584 turns).

Ijustatesigmund the Sneak (Octopode Assassin)       Turns: 2584, Time: 00:07:53

Health: 0/34       AC:  1    Str: 11    XL:     5   Next: 8%
Magic:  5/5        EV: 13    Int: 13    God:
Gold:   100        SH:  0    Dex: 14    Spells: 0 memorised, 4 levels left

rFire  . . .     SeeInvis .     b - +0 blowgun
rCold  . . .     Clarity  .     (no shield)
rNeg   . . .     SustAb   .     (helmet restricted)
rPois  .         Gourm    .     (no amulet)
rElec  .         Spirit   .     h - ring of stealth
rCorr  .         Warding  .     d - +1 ring of evasion
rMut   .         Stasis   .     (no ring)
MR     .....                    (no ring)
Stlth  ++++++....               (no ring)
                                (no ring)
                                (no ring)
                                (no ring)

@: lethally poisoned (0 -> -2), not resistant to hostile enchantments, very
stealthy
A: almost no armour, amphibious, 8 rings, constrict 8, camouflage 1, gelatinous
body 1
a: no special abilities


You were on level 4 of the Dungeon.
You were not hungry.

You visited 1 branch of the dungeon, and saw 4 of its levels.

You collected 100 gold pieces.

Inventory:

Hand weapons
 a - a +1 hunting sling of freezing
 b - a +0 blowgun (weapon)
 j - a +3 dagger of protection
Missiles
 e - 7 poisoned needles (quivered)
Armour
 c - a +0 large shield
Jewellery
 d - a +1 ring of evasion (right tentacle)
 h - a ring of stealth (left tentacle)
Magical devices
 m - a wand of enslavement (24)
 p - a wand of slowing (36)
 v - a wand of invisibility (3)
Scrolls
 k - a scroll of magic mapping
 u - 2 scrolls of remove curse
Potions
 i - 3 potions of resistance
 l - a potion of brilliance {unknown}
 r - a potion of mutation
 t - a potion of haste
 w - a potion of heal wounds
Comestibles
 g - 3 bread rations
 o - 2 beef jerkies
 s - 3 fruits


   Skills:
 - Level 2.0 Fighting
 + Level 3.3 Short Blades
 + Level 3.2 Throwing
 - Level 1.0 Dodging
 + Level 6.6 Stealth


You had 4 spell levels left.
You didn't know any spells.

Dungeon Overview and Level Annotations

Branches:
Dungeon (4/15)
 Temple: D:4-7

Altars:
Cheibriados


Innate Abilities, Weirdness & Mutations

You cannot wear most types of armour.
You are amphibious.
You can wear up to eight rings at the same time.
You can use your tentacles to constrict many enemies at once.
Your skin changes colour to match your surroundings (Stealth).
Your rubbery body absorbs attacks (AC +1).


Message History

You see here 18 arrows.
You feel sick.
The gnoll shouts!
You feel sick.
Read which item? (? for menu, Esc to quit)
As you read the scroll of teleportation, it crumbles to dust.
You feel strangely unstable.
You feel sick.
Your surroundings suddenly seem different.
Found a stone staircase leading down.
A bat and an orc come into view.
The gnoll shouts!
You feel sick. The bat closely misses you. The gnoll hits you with a halberd!
* * * LOW HITPOINT WARNING * * *
The orc shouts!
The bat hits you.
* * * LOW HITPOINT WARNING * * *
The bat closely misses you. The orc completely misses you.
The bat closely misses you. The gnoll barely misses you. The orc hits you.
You die...

#.......................
#.......................
#..................$....
#....g..................
#.......................
#....ggw..........".....
#......................
#.....gb..............
#......@...........
#......o........
#..............
#..............
#..............
#.............
#............
#........... ......


You could see a worm, 3 gnolls, an orc, a hobgoblin and a bat.

Vanquished Creatures
  A hound (D:4)
  An adder (D:2)
  3 gnolls
  An orc (D:3)
  A ball python (D:1)
  5 bats
  4 hobgoblins
  8 jackals
  3 quokkas
  A giant gecko (D:2)
  6 giant newts
  8 goblins
  11 kobolds
  8 rats
61 creatures vanquished.

Notes
Turn   | Place    | Note
--------------------------------------------------------------
     0 | D:1      | Ijustatesigmund, the Octopode Assassin, began the quest for the Orb.
     0 | D:1      | Reached XP level 1. HP: 14/14 MP: 1/1
   191 | D:1      | Reached XP level 2. HP: 19/19 MP: 2/2
   615 | D:1      | Reached XP level 3. HP: 8/24 MP: 3/3
  1412 | D:2      | Reached skill level 6 in Stealth
  1913 | D:2      | Found a snail-covered altar of Cheibriados.
  1917 | D:2      | Reached XP level 4. HP: 29/29 MP: 4/4
  2535 | D:4      | Reached XP level 5. HP: 34/34 MP: 5/5
  2584 | D:4      | Slain by an orc

Action                   |  1- 3 |  4- 6 || total
-------------------------+-------+-------++-------
Melee: Dagger            |    68 |    34 ||   102
 Fire: Blowgun           |     1 |     3 ||     4
  Use: Scroll            |     2 |    12 ||    14
 Stab: Sleeping          |    18 |     5 ||    23
       Distracted        |       |     2 ||     2
  Eat: Chunk             |     2 |     3 ||     5
